 Dungeon Crawl Stone Soup version 0.31-a0-37-g98a128e1d9 (webtiles) character file.

Game seed: 15927129843187522843

557 pk666 the Magician (level 7, -2/36 HPs)
             Began as a Deep Elf Hedge Wizard on May 15, 2023.
             Slain by Grinder (5 damage)
             ... on level 5 of the Dungeon.
             The game lasted 00:10:25 (5951 turns).

pk666 the Magician (Deep Elf Hedge Wizard)          Turns: 5951, Time: 00:10:28

Health: -2/36      AC:  2    Str:  7    XL:     7   Next: 9%
Magic:  6/18       EV: 12    Int: 21    God:
Gold:   198        SH:  0    Dex: 14    Spells: 13/19 levels left

rFire   . . .        i - +2 dagger (freeze)
rCold   . . .        (no shield)
rNeg    . . .        b - +0 robe
rPois   .            c - +0 hat
rElec   .            (no cloak)
rCorr   .            (no gloves)
SInv    .            (no boots)
Will    .....        (no amulet)
Stlth   ++           (no ring)
HPRegen 0.26/turn    (no ring)
MPRegen 0.16/turn

%: no passive effects
@: no status effects
A: no striking features
a: no special abilities


You were on level 5 of the Dungeon.
You visited 1 branch of the dungeon, and saw 5 of its levels.

You collected 198 gold pieces.

Inventory:

Hand Weapons
 i - a +2 dagger of freezing (weapon)
Armour
 b - a +0 robe (worn)
 c - a +0 hat (worn)
Magical Staves
 v - a staff of conjuration
Jewellery
 t - a ring of ice
Wands
 y - a wand of mindburst (4)
 z - a wand of flame (17)
Scrolls
 a - 3 scrolls of fog {unknown}
 e - 4 scrolls of teleportation {unknown}
 h - 2 scrolls of vulnerability {unknown}
 n - a scroll of poison {unknown}
 q - a scroll of blinking {unknown}
 r - a scroll of magic mapping {unknown}
 s - 5 scrolls of identify {unknown}
 w - a scroll of brand weapon {unknown}
 x - a scroll of butterflies {unknown}
Potions
 d - a potion of magic
 f - 2 potions of degeneration {unknown}
 g - 4 potions of curing {unknown}
 j - 2 potions of flight {unknown}
 k - a potion of heal wounds {unknown}
 l - a potion of lignification {unknown}
 m - a potion of might {unknown}
 o - 2 potions of brilliance {unknown}
 p - a potion of attraction {unknown}
 u - a potion of ambrosia {unknown}


   Skills:
 - Level 2.4 Dodging
 - Level 2.4 Stealth
 + Level 6.6 Spellcasting
 + Level 4.0 Conjurations
 - Level 1.1 Summonings
 - Level 2.0 Translocations
 + Level 2.5 Fire Magic
 - Level 3.0 Air Magic
 - Level 3.0 Poison Magic


You had 13 spell levels left.
You knew the following spells:

 Your Spells              Type           Power      Damage    Failure   Level
a - Magic Dart            Conj           92%        1d7       1%          1
b - Blink                 Tloc           30%        N/A       6%          2
c - Mephitic Cloud        Conj/Pois/Air  21%        N/A       7%          3

Your spell library contained the following spells:

 Spells                   Type           Power      Damage    Failure   Level
 Cigotuvi's Dreadful Rot  Necr/Pois/Air  30%        N/A       6%          2
 Lesser Beckoning         Tloc           30%        N/A       6%          2
 Call Imp                 Summ           22%        N/A       9%          2
 Slow                     Hex            24%        N/A       10%         1
 Gell's Gravitas          Tloc           15%        N/A       12%         3
 Teleport Other           Tloc           15%        N/A       12%         3
 Inner Flame              Hex/Fire       12%        N/A       16%         3
 Flame Wave               Conj/Fire      20%        2d7       24%         4
 Sticky Flame             Conj/Fire      20%        2d4       24%         4


Dungeon Overview and Level Annotations

Branches:
Dungeon (5/15)
 Temple: D:4-7

Altars:
Ru
Sif Muna
Trog

Shops:
D:1 ?

Annotations:
D:4 Sigmund
D:5 Grinder


Message History

You suddenly lose the ability to move!
Grinder hits you.
You can move again.
Casting: Magic Dart (safe; 1% risk of failure)
Confirm with . or Enter, or press ? or * to list all spells.
Aiming: Magic Dart (safe; 1% risk of failure)
Press: ? - help, Shift-Dir - straight line, f/p - Grinder
Aim: Grinder (severely wounded, 100% to hit)
The magic dart hits Grinder but does no damage.
Grinder is severely wounded.
Grinder gestures at you.
You struggle to resist.
Casting: Magic Dart (safe; 1% risk of failure)
Confirm with . or Enter, or press ? or * to list all spells.
Aiming: Magic Dart (safe; 1% risk of failure)
Press: ? - help, Shift-Dir - straight line, f/p - Grinder
Aim: Grinder (severely wounded, 100% to hit)
The magic dart hits Grinder but does no damage.
Grinder is severely wounded.
Grinder hits you but does no damage.
Casting: Magic Dart (safe; 1% risk of failure)
Confirm with . or Enter, or press ? or * to list all spells.
Aiming: Magic Dart (safe; 1% risk of failure)
Press: ? - help, Shift-Dir - straight line, f/p - Grinder
Aim: Grinder (severely wounded, 100% to hit)
The magic dart hits Grinder.
Grinder is almost dead.
Grinder gestures at you. Pain shoots through your body!
* * * LOW HITPOINT WARNING * * *
Okay, then.
Casting: Magic Dart (safe; 1% risk of failure)
Confirm with . or Enter, or press ? or * to list all spells.
Aiming: Magic Dart (safe; 1% risk of failure)
Press: ? - help, Shift-Dir - straight line, f/p - Grinder
Aim: Grinder (almost dead, 100% to hit)
The magic dart hits Grinder.
Grinder is almost dead.
Grinder hits you.
You die...

#### #..### ##....# #.[...
#.....# ...... #.....# ......
##...## #......
##########..## #### .......
...†[........###..# ..5....
...........<....@.####.....:.
##.########.....5.....[......
#.# ##........##.......
#.#########......### .......
#................# ...[...
#....##≈#........# ..>....
#†.###≈≈##~.....## #....#.
#..≈≈≈≈#≈≈#.....# ##..#
#.##≈#≈≈≈≈#~.... ###


You could see Grinder.

Vanquished Creatures
  A phantom (D:5)
  A bullfrog (D:4)
  A scorpion (D:5)
  A hound (D:4)
  2 jellies (D:4)
  Ijyb (D:5)
  3 iguanas (D:4)
  3 gnolls (D:2)
  3 adders
  5 dart slugs
  7 orcs
  12 ball pythons
  8 bats
  6 endoplasms
  5 giant cockroaches
  7 goblins
  6 hobgoblins
  2 jackals (D:3)
  4 quokkas
  3 frilled lizards
  13 kobolds
  24 rats
118 creatures vanquished.

Notes
Turn   | Place    | Note
-------+----------+-------------------------------------------
     0 | D:1      | pk666 the Deep Elf Hedge Wizard began the quest for the
                  | Orb.
     0 | D:1      | Reached XP level 1. HP: 10/10 MP: 7/7
     9 | D:1      | You fall into a shaft and drop 1 floor!
   242 | D:1      | Reached XP level 2. HP: 15/15 MP: 1/9
   324 | D:1      | Found Byaqaa Bemna's Magic Scroll Shoppe.
   942 | D:1      | Learned a level 2 spell: Blink
  1028 | D:1      | Reached XP level 3. HP: 19/19 MP: 9/11
  1032 | D:1      | Learned a level 3 spell: Mephitic Cloud
  1146 | D:1      | Found a faded altar of an unknown god.
  1226 | D:1      | Reached skill level 5 in Spellcasting
  2297 | D:2      | Reached skill level 1 in Poison Magic
  2297 | D:2      | Reached XP level 4. HP: 23/24 MP: 7/13
  2379 | D:2      | Reached skill level 1 in Air Magic
  3305 | D:3      | Found a shimmering blue altar of Sif Muna.
  3574 | D:3      | Reached XP level 5. HP: 28/28 MP: 6/15
  3676 | D:3      | Found a sacrificial altar of Ru.
  4375 | D:4      | Reached skill level 6 in Spellcasting
  4375 | D:4      | Reached skill level 1 in Fire Magic
  4466 | D:4      | Noticed Sigmund
  4526 | D:4      | Reached XP level 6. HP: 28/32 MP: 4/17
  4704 | D:4      | Found a bloodstained altar of Trog.
  5496 | D:5      | Entered Level 5 of the Dungeon
  5625 | D:5      | Noticed Ijyb
  5641 | D:5      | Killed Ijyb
  5804 | D:5      | Reached XP level 7. HP: 33/36 MP: 8/18
  5926 | D:5      | Noticed Grinder
  5932 | D:5      | Paralysed by Grinder for 5 turns
  5946 | D:5      | Paralysed by Grinder for 2 turns
  5951 | D:5      | Slain by Grinder

Illustrated notes

Levels and vault maps discovered:
D:1:      lemuel_arrival_river_bridge, layout_basic,
          shapermc_ecumenical_altar_mp_ritualfount, serial_shops,
          nicolae_shop_crystal, minmay_pentomino_v4
D:2:      layout_basic, minmay_rat_hole
D:3:      layout_rooms, nicolae_ru_the_path_less_chosen,
          mainiacjoe_overflow_catwalk, minmay_distorted
D:4:      layout_basic, kennysheep_mini_moat, serial_corexii_hall,
          chequers_hall_statues_y, chequers_hall_statues_y, uniq_sigmund
D:5:      layout_cave_pods, mainiacjoe_overflow_alcove_2,
          okawaru_metal_pillars_1_2, minmay_temple_entry_statues, minivault_4,
          minmay_misc_feat_five, uniq_grinder, uniq_ijyb

Skill      XL: |  1  2  3  4  5  6 |
---------------+-------------------+-----
Conjurations   | 2 3 4 |  4.0
Translocations | 2 |  2.0
Spellcasting   | 5 6 |  6.6
Poison Magic   | 1 2 3 |  3.0
Air Magic      | 1 2 3 |  3.0
Fire Magic     | 1 2 |  2.5
Dodging        | |  2.4
Stealth        | |  2.4
Summonings     | |  1.1

Action                     |  1- 3 |  4- 6 |  7- 9 || total
---------------------------+-------+-------+-------++-------
  Melee: Dagger            |       |     2 |       ||     2
   Cast: Magic Dart        |   125 |   209 |    21 ||   355
         Mephitic Cloud    |       |     5 |       ||     5
 Armour: Robe              |     4 |     5 |     1 ||    10
  Dodge: Dodged            |    17 |    28 |     1 ||    46

Table legend: (Time is in decaauts)
 A = Elapsed time spent in this place.
 B = Non-inter-level travel time spent in this place.
 C = Inter-level travel time spent in this place.
 D = Time resting spent in this place.
 E = Time spent auto-exploring this place.
 F = Levels seen in this place.
 G = Mean time per level.
                   A        B        C        D        E       F      G
               +--------+--------+--------+--------+--------+-----+--------+
         Total |   5952 |   5787 |    165 |    940 |   4157 |   5 | 1190.4 |
       Dungeon |   5952 |   5787 |    165 |    940 |   4157 |   5 | 1190.4 |
               +--------+--------+--------+--------+--------+-----+--------+

Top non-repeatable levels by time:
     D:1: 1729 daAuts
     D:2: 1520 daAuts
     D:4: 1448 daAuts
     D:3: 799 daAuts
     D:5: 454 daAuts
